[Event "Team 45 45 League T41"]
[Site "Internet Chess Club"]
[Date "2009.05.29"]
[Round "5"]
[White "Makaen"]
[Black "knight2f3"]
[Result "1/2-1/2"]
[WhiteElo "1523"]
[BlackElo "1503"]
[Opening "Alekhine's defense: exchange variation"]
[ECO "B03"]
[Time "13:05:27"]
[TimeControl "2700+45"]

1. e4 Nf6 2. e5 Nd5 3. d4 d6 4. c4 Nb6 5. exd6 exd6 6. Nc3 Be7 7. Nf3 O-O 8. h3
Bf6 9. Be2 Nc6 10. Ne4 Be7 11. O-O Bf5 12. Ng3 Bg6 13. b3 Re8 14. Bd3 Bf6 15.
Bxg6 hxg6 16. Be3 d5 17. c5 Nd7 18. Qd2 Nf8 19. Rad1 Ne6 20. Ne2 Ne7 21. Nf4 Nf5
22. Nxe6 Rxe6 23. Bg5 Qf8 24. Bxf6 Rxf6 25. Ne5 Rd8 26. Qa5 b6 27. Qb5 Qe8 28.
Qxe8+ Rxe8 29. b4 Rfe6 30. Nf3 Re2 31. Rfe1 Rxe1+ 32. Nxe1 Nxd4 33. Rxd4 Rxe1+
34. Kh2 c6 35. a3 Re2 36. Kg3 bxc5 37. bxc5 Rc2 38. Kf3 Rxc5 39. Kf4 f6 40. g4
Rc3 41. a4 a5 42. f3 Kf7 43. h4 Ke6 44. g5 f5 45. h5 gxh5 46. Rd2 Rc4+ 47. Kg3
g6 48. Re2+ Kd6 49. Re8 Rxa4 50. Rg8 h4+ 51. Kh3 Rf4 52. Rxg6+ Ke5 53. Rxc6
Rxf3+ 54. Kxh4 Rf1 55. Kh5 Rh1+ 56. Kg6 Rh8 57. Rc5 a4 58. Kg7 Ra8 59. g6 Ra7+
60. Kh6 a3 61. g7 Rxg7 62. Kxg7 f4 63. Rc3 a2 64. Ra3 Ke4 65. Rxa2 f3 66. Kf6 d4
67. Kg5 Ke3 68. Kg4 f2 69. Ra1 d3 70. Kg3 Ke2 71. Ra2+ d2 72. Rxd2+ Kxd2 73.
Kxf2 {Game drawn because neither player has mating material} 1/2-1/2

[Event "Team 45 45 League T41"]
[Site "Internet Chess Club"]
[Date "2009.05.31"]
[Round "5"]
[White "FractalDante"]
[Black "UriahHeep"]
[Result "0-1"]
[WhiteElo "1524"]
[BlackElo "1417"]
[Opening "Petrov: Nimzovich attack"]
[ECO "C42"]
[Time "14:00:10"]
[TimeControl "2700+45"]

1. e4 e5 2. Nf3 Nf6 3. Nxe5 d6 4. Nf3 Nxe4 5. Nc3 Nxc3 6. dxc3 Bg4 7. Be2 Nc6 8.
Be3 Ne5 9. Nxe5 Bxe2 10. Qxe2 dxe5 11. Qb5+ c6 12. Qxe5+ Qe7 13. Qf4 Qd6 14. O-O
Qxf4 15. Bxf4 Be7 16. Rae1 Rd8 17. Be5 O-O 18. Bxg7 Kxg7 19. Rxe7 Rd2 20. Rxb7
Rfd8 21. Re1 Rxc2 22. Kf1 Rdd2 23. Ree7 Rxf2+ 24. Ke1 Rxb2 25. Rxb2 Rxb2 26.
Rxa7 Rxg2 27. Rc7 Rxh2 28. Rxc6 Rxa2 29. Kd1 h5 30. Rc4 Kg6 31. Rd4 Kg5 32. c4
Ra4 33. Kc2 h4 34. Kc3 h3 35. Rd2 Ra3+ 36. Kb4 Rg3 37. c5 Rg2 38. Rd5+ f5 39. c6
h2 40. c7 Rc2 41. Rc5 Rxc5 42. Kxc5 h1=Q 43. c8=Q Qc1+ {White resigns} 0-1

[Event "Team 45 45 League T41"]
[Site "Internet Chess Club"]
[Date "2009.05.28"]
[Round "5"]
[White "milesotoole"]
[Black "lawth3"]
[Result "1-0"]
[WhiteElo "1291"]
[BlackElo "1152"]
[Opening "King's Indian: East Indian defense"]
[ECO "A48"]
[Time "13:00:20"]
[TimeControl "2700+45"]

1. d4 Nf6 2. Nf3 g6 3. h3 Bg7 4. Bf4 b6 5. e3 Ba6 6. Bxa6 Nxa6 7. c3 O-O 8. Nbd2
c5 9. Bg5 d6 10. Bxf6 Bxf6 11. Qc2 Nc7 12. h4 e5 13. Ne4 Re8 14. h5 d5 15. hxg6
dxe4 16. gxh7+ Kf8 17. h8=Q+ Bxh8 18. Rxh8+ Ke7 19. Rxe8+ Qxe8 20. Qxe4 f6 21.
dxe5 Kf7 22. Qh7+ Kf8 23. Qh8+ Ke7 24. Qxf6+ Kd7 25. Rd1+ Kc8 26. Rd6 Kb7 27.
Ng5 Qh5 28. Ne6 Re8 29. Nxc7 Kxc7 30. Qg7+ Kb8 31. Rd7 a5 32. Rb7+ Kc8 33. Qc7#
{Black checkmated} 1-0

[Event "Team 45 45 League T41"]
[Site "Internet Chess Club"]
[Date "2009.05.27"]
[Round "5"]
[White "KingOfHearts"]
[Black "ffplayer"]
[Result "1/2-1/2"]
[WhiteElo "1297"]
[BlackElo "1100"]
[Opening "Sicilian defense"]
[ECO "B30"]
[Time "21:57:19"]
[TimeControl "2700+45"]

1. e4 c5 2. Nf3 Nc6 3. Bc4 e6 4. O-O d5 5. exd5 exd5 6. Re1+ Be6 7. Bb5 Qc7 8.
d4 Nf6 9. Nc3 O-O-O 10. Ng5 Nxd4 11. h3 Bf5 12. Bd3 Bxd3 13. Qxd3 h6 14. Nf3 Nc6
15. Nb5 Qd7 16. a3 c4 17. Qd2 Kb8 18. Nbd4 Bd6 19. b4 Nxd4 20. Qxd4 Rde8 21. Be3
b6 22. c3 Re7 23. a4 Bc7 24. a5 Rhe8 25. Qd2 Ne4 26. Qb2 b5 27. Nd4 a6 28. g4
Qd6 29. f4 g6 30. f5 Qg3+ 31. Qg2 Qxg2+ 32. Kxg2 Nxc3 33. Nc6+ Ka8 34. Nxe7 Rxe7
35. Bxh6 Rd7 36. Re8+ Kb7 37. Rae1 Ne4 38. Kf3 Nd2+ 39. Ke2 Ne4 40. Kd1 Nf2+ 41.
Kc2 Nxh3 42. R1e7 Rxe7 43. Rxe7 gxf5 44. gxf5 d4 45. Rxf7 d3+ 46. Kd2 Kc6 47. f6
Bf4+ 48. Bxf4 Nxf4 49. Rh7 Kd5 50. f7 Ne6 51. Rh8 Kd4 52. f8=Q c3+ 53. Kd1 Nxf8
54. Rxf8 Kc4 55. Rf4+ Kb3 56. Rf2 c2+ 57. Kc1 Kxb4 58. Rd2 Kc3 59. Rf2 b4 60.
Rxc2+ dxc2 {White stalemated} 1/2-1/2

[Event "Team 45 45 League T41"]
[Site "Internet Chess Club"]
[Date "2009.05.31"]
[Round "5"]
[White "carolinaknight"]
[Black "The-Capitalist"]
[Result "0-1"]
[WhiteElo "1230"]
[BlackElo "1216"]
[Opening "Caro-Kann: classical variation"]
[ECO "B18"]
[Time "21:00:19"]
[TimeControl "2700+45"]

1. e4 c6 2. d4 d5 3. Nc3 dxe4 4. Nxe4 Bf5 5. f3 e6 6. Ne2 Nf6 7. N2g3 Bxe4 8.
fxe4 c5 9. c3 Nc6 10. e5 Ng8 11. Bb5 Qb6 12. Qd3 a6 13. Bc4 cxd4 14. O-O Nxe5
15. Qxd4 Bc5 16. Qxc5 Qxc5+ 17. Kh1 {White resigns} 0-1

[Event "Team 45 45 League T41"]
[Site "Internet Chess Club"]
[Date "2009.06.02"]
[Round "5"]
[White "kjs110"]
[Black "Graybeard"]
[Result "1-0"]
[WhiteElo "1126"]
[BlackElo "1118"]
[Opening "Petrov's defense"]
[ECO "C42"]
[Time "13:03:38"]
[TimeControl "2700+45"]

1. e4 e5 2. Nf3 Nf6 3. d3 Nc6 4. g3 Bc5 5. Bg2 d5 6. exd5 Qxd5 7. O-O O-O 8. Re1
h6 9. Nxe5 Qd6 10. Nxc6 bxc6 11. Bf4 Qd7 12. Nc3 Bd6 13. Be5 Bxe5 14. Rxe5 Re8
15. Rc5 Bb7 16. Ne2 Re7 17. c3 Rae8 18. Nd4 Re1+ 19. Qxe1 Rxe1+ 20. Rxe1 g6 21.
Nxc6 Qxd3 22. Ne5 Qd2 23. Rb1 Bxg2 24. Kxg2 Nd7 25. Nxd7 Qxd7 26. Re1 f6 27. Re4
Kg7 28. Rec4 c6 29. Rxc6 Qd5+ 30. Kg1 g5 31. Rc7+ Kg6 32. R7c5 Qd1+ 33. Kg2 Qb1
34. b4 Qxa2 35. Rd4 Qa6 36. Ra5 Qb7+ 37. Kg1 Qe7 38. Ra6 Qe1+ 39. Kg2 Qxc3 40.
Rdd6 Qxb4 41. Rxf6+ Kh5 42. h3 Qe4+ 43. Kh2 Qe5 44. Rxh6# {Black checkmated} 1-0

[Event "Team 45 45 League T41"]
[Site "Internet Chess Club"]
[Date "2009.06.01"]
[Round "5"]
[White "mrmarck"]
[Black "JimGaming"]
[Result "1-0"]
[WhiteElo "1194"]
[BlackElo "1275"]
[Opening "Sicilian: Hungarian variation"]
[ECO "B27"]
[Time "16:00:11"]
[TimeControl "2700+45"]

1. e4 c5 2. Nf3 g6 3. Bc4 Bg7 4. O-O Nc6 5. Re1 e6 6. Nc3 Nge7 7. d3 a6 8. a3
O-O 9. Rb1 Na5 10. Ba2 b5 11. b4 Bxc3 12. Bd2 cxb4 13. axb4 Bxd2 14. Qxd2 Nac6
15. Qh6 f6 16. e5 f5 17. Ng5 Rf7 18. Nxf7 Kxf7 19. Qxh7+ Kf8 20. Re3 Qe8 21.
Qh8+ Ng8 22. Rh3 Nd8 23. Rh7 Nf7 24. Qg7+ Ke7 25. Qxg6 Qf8 26. Re1 Ke8 27. Rg7
Ne7 28. Qh7 Ra7 29. Re3 Rc7 30. c4 bxc4 31. Bxc4 Bb7 32. Reg3 Bd5 33. Rg8 Nxg8
34. Rxg8 Nxe5 35. Rxf8+ Kxf8 36. Qh8+ Ke7 37. Qxe5 Rc6 38. h3 Bxc4 39. dxc4 Rxc4
40. Qa5 Rc6 41. h4 Kf6 42. b5 axb5 43. Qxb5 Rd6 44. Qb2+ e5 45. f4 Rd1+ 46. Kh2
Rd4 47. fxe5+ Kxe5 48. h5 Kd5 49. Qxd4+ Kxd4 50. h6 {Black resigns} 1-0

[Event "Team 45 45 League T41"]
[Site "Internet Chess Club"]
[Date "2009.06.01"]
[Round "5"]
[White "blkmagic"]
[Black "Traho"]
[Result "1-0"]
[WhiteElo "1268"]
[BlackElo "1171"]
[Opening "Caro-Kann: Panov-Botvinnik attack"]
[ECO "B13"]
[Time "21:00:51"]
[TimeControl "2700+45"]

1. e4 c6 2. d4 d5 3. exd5 cxd5 4. c4 Nc6 5. Nf3 Bg4 6. Be3 Nf6 7. Nc3 e6 8. h3
Bh5 9. Be2 h6 10. O-O Bg6 11. Qa4 Qa5 12. Qxa5 Nxa5 13. cxd5 exd5 14. Bb5+ Nc6
15. Rfe1 O-O-O 16. Bf4 a6 17. Bxc6 bxc6 18. Ne5 Kc7 19. Nxg6+ Kb7 20. Nxh8 Rd7
21. Rac1 Bb4 22. a3 Ba5 23. b4 Bb6 24. Na4 Bxd4 25. Nc5+ Bxc5 26. Rxc5 Rd8 27.
Nxf7 Ne4 28. Nxd8+ {Black resigns} 1-0

[Event "Team 45 45 League T41"]
[Site "Internet Chess Club"]
[Date "2009.05.30"]
[Round "5"]
[White "WannaB"]
[Black "Gomer"]
[Result "0-1"]
[WhiteElo "1110"]
[BlackElo "1167"]
[Opening "Giuoco Pianissimo"]
[ECO "C55"]
[Time "20:00:42"]
[TimeControl "2700+45"]

1. e4 e5 2. Nf3 Nc6 3. Bc4 Nf6 4. d3 Bc5 5. Be3 Bxe3 6. fxe3 O-O 7. O-O d6 8. c3
Bg4 9. b4 a6 10. Nbd2 b5 11. Bd5 Nxd5 12. exd5 Ne7 13. e4 f5 14. Qe1 fxe4 15.
Nxe4 Ng6 16. d4 Bxf3 17. Rxf3 Rxf3 18. gxf3 Nh4 19. Qf2 Qf8 20. Ng5 Ng6 21. Ne6
Qe7 22. f4 exf4 23. Nxf4 Nxf4 24. Qxf4 Rf8 25. Qe3 Qxe3+ {White resigns} 0-1

[Event "Team 45 45 League T41"]
[Site "Internet Chess Club"]
[Date "2009.05.31"]
[Round "5"]
[White "MeansToAnEnd"]
[Black "RancidTurnip"]
[Result "1/2-1/2"]
[WhiteElo "1121"]
[BlackElo "1095"]
[Opening "Sicilian: Canal-Sokolsky attack, 3...Bd7"]
[ECO "B52"]
[Time "14:00:06"]
[TimeControl "2700+45"]

1. e4 c5 2. Nf3 d6 3. Bb5+ Bd7 4. Bxd7+ Qxd7 5. d3 Nf6 6. Nc3 e6 7. O-O Nc6 8.
Be3 d5 9. exd5 Nxd5 10. Nxd5 Qxd5 11. c4 Qh5 12. Qb3 Rb8 13. Bf4 e5 14. Bg3 Bd6
15. Qb5 O-O 16. Rfe1 f6 17. a3 Bc7 18. Qxc5 a6 19. Qd5+ Kh8 20. Qd7 Rbc8 21. Nh4
Rfd8 22. Qe6 Nd4 23. Qh3 Nc2 24. b4 Nxa1 25. Rxa1 g5 26. Nf5 Qxh3 27. gxh3 Rxd3
28. Ne7 Rcd8 29. Nd5 Bd6 30. Nxf6 Kg7 31. Ne4 Kg6 32. c5 Kf5 33. Nxd6+ R8xd6 34.
cxd6 Rxd6 35. Re1 Rd5 36. h4 g4 37. Rc1 h5 38. Rc7 b5 39. Rf7+ Kg6 40. Re7 Kf5
41. Rg7 e4 42. Rg5+ Ke6 43. Rg6+ Kd7 44. Rxa6 Rd1+ 45. Kg2 Rd2 46. Rb6 e3 47.
Kf1 Rd3 48. Bf4 exf2 49. Kxf2 Rxa3 50. Rxb5 Rb3 51. Rd5+ Ke6 52. Rxh5 Rxb4 53.
Kg3 Rb1 54. Kxg4 Rg1+ 55. Kf3 Rf1+ 56. Kg3 Rg1+ 57. Kf2 Rg6 58. Re5+ Kf7 59. h5
Rf6 60. Kf3 Kg7 61. Rg5+ Kh7 62. Rc5 Rf7 63. h6 Kh8 64. Kg4 Kh7 65. Kh5 Rxf4 66.
Rg5 Rf7 67. h4 Re7 68. Rg7+ Rxg7 69. hxg7 Kxg7 70. Kg5 Kh8 71. h5 Kg7 72. h6+
Kh7 73. Kh5 Kh8 74. Kg6 Kg8 75. Kf6 Kh7 76. Kg5 Kh8 77. Kg6 Kg8 78. h7+ Kh8 79.
Kh6 {Black stalemated} 1/2-1/2

[Event "Team 45 45 League T41"]
[Site "Internet Chess Club"]
[Date "2009.06.01"]
[Round "5"]
[White "SugarIslander"]
[Black "AVEMARIA"]
[Result "1-0"]
[WhiteElo "1717"]
[BlackElo "1692"]
[Opening "Sicilian: Taimanov (Bastrikov) variation"]
[ECO "B47"]
[Time "18:00:54"]
[TimeControl "2700+45"]

1. e4 c5 2. Nf3 e6 3. d4 cxd4 4. Nxd4 Nc6 5. Nc3 Qc7 6. Ncb5 Qb8 7. Nb3 a6 8.
Nc3 Nf6 9. Bd3 Bb4 10. Bd2 O-O 11. Qf3 Ne5 12. Qe2 b5 13. Nd4 Bb7 14. f4 Nxd3+
15. cxd3 d5 16. e5 Nd7 17. Nf3 Bc5 18. d4 Be7 19. O-O b4 20. Nd1 a5 21. Rf2 Ba6
22. Qe1 Nb6 23. b3 Bd3 24. Ng5 h6 25. Rf3 Bf5 26. Nh3 Rc8 27. Ne3 Be4 28. Rg3
Qa7 29. Nf2 Bg6 30. Rf3 Nd7 31. f5 exf5 32. Nxd5 Nf8 33. Nxe7+ Qxe7 34. Bf4 Rd8
35. Rd3 Ne6 36. Qe3 Bh7 37. d5 Nxf4 38. Qxf4 g5 39. Qd4 Re8 40. Re1 Qa7 41. d6
Qxd4 42. Rxd4 Rad8 43. Nd3 f4 44. Nc5 Bf5 45. Nb7 Rd7 46. Nxa5 f6 47. Nc6 fxe5
48. Rxe5 Rxe5 49. Nxe5 {Black resigns} 1-0

[Event "Team 45 45 League T41"]
[Site "Internet Chess Club"]
[Date "2009.05.28"]
[Round "5"]
[White "SATELLITE-DAN"]
[Black "oldsj"]
[Result "0-1"]
[WhiteElo "1560"]
[BlackElo "1642"]
[Opening "Two knights defense"]
[ECO "C55"]
[Time "18:08:32"]
[TimeControl "2700+45"]

1. e4 e5 2. Nf3 Nc6 3. Bc4 Nf6 4. d4 exd4 5. O-O d5 6. exd5 Nxd5 7. Nxd4 Nxd4 8.
Qxd4 Be6 9. Nc3 Nxc3 10. Qxc3 Qd7 11. a4 O-O-O 12. Bg5 f6 13. Be3 Bxc4 14. Qxc4
Kb8 15. Qe2 Bd6 16. b3 Rhe8 17. Rad1 f5 18. Qc4 Qe7 19. Qd4 Bxh2+ 20. Kxh2 Rxd4
{White resigns} 0-1

[Event "Team 45 45 League T41"]
[Site "Internet Chess Club"]
[Date "2009.05.30"]
[Round "5"]
[White "foodfight"]
[Black "TwentyMiles"]
[Result "0-1"]
[WhiteElo "1494"]
[BlackElo "1769"]
[Opening "Catalan: closed, 5.Nf3"]
[ECO "E06"]
[Time "13:00:12"]
[TimeControl "2700+45"]

1. d4 Nf6 2. c4 e6 3. g3 d5 4. Bg2 Be7 5. Nf3 O-O 6. O-O dxc4 7. Qc2 a6 8. a4
Bd7 9. Qxc4 Bc6 10. Bf4 Nbd7 11. Nc3 Nd5 12. Nxd5 exd5 13. Qc2 Re8 14. b3 Bb4
15. Bd2 Be7 16. Rfb1 h6 17. e3 Nf6 18. Ne5 Bd7 19. b4 c6 20. Nd3 Qc8 21. Nc5
Bxc5 22. bxc5 Bf5 23. e4 Bxe4 24. Bxe4 Rxe4 25. Bc3 Qf5 26. Qb2 Re7 27. Re1 Rae8
28. Rxe7 Rxe7 29. Re1 Ne4 30. Qe2 Re6 31. Qc2 Nxg3 32. Qxf5 Nxf5 33. Rxe6 fxe6
34. Kg2 Kf7 35. Kf3 Kf6 36. Kf4 h5 37. h3 g5+ 38. Kf3 Kg6 39. Kg2 Nh4+ 40. Kg3
Kf5 41. Bd2 Ng6 42. Bc3 Ke4 43. Bb2 e5 44. dxe5 Nxe5 45. Ba3 d4 46. h4 gxh4+ 47.
Kxh4 d3 48. Bb4 Nc4 49. Kxh5 d2 50. Bxd2 Nxd2 51. Kg4 Kd5 52. f4 Ne4 53. Kf5
Nxc5 54. Kg6 Nxa4 55. f5 Nc5 56. f6 Ne6 57. f7 a5 {White resigns} 0-1

[Event "Team 45 45 League T41"]
[Site "Internet Chess Club"]
[Date "2009.05.30"]
[Round "5"]
[White "Lionskins"]
[Black "Berkshires"]
[Result "1-0"]
[WhiteElo "1643"]
[BlackElo "1558"]
[Opening "English opening"]
[ECO "A05"]
[Time "13:00:44"]
[TimeControl "2700+45"]

1. Nf3 Nf6 2. c4 e6 3. a3 d5 4. e3 Bd6 5. Nc3 c6 6. h3 O-O 7. Qc2 Nbd7 8. b4 b6
9. Bb2 Re8 10. Be2 a6 11. g4 Ne5 12. g5 Nxf3+ 13. Bxf3 Nd7 14. h4 Ne5 15. Be2
Nxc4 16. Bxc4 dxc4 17. Ne4 b5 18. Rg1 Be7 19. Nf6+ Bxf6 20. gxf6 g6 21. h5 e5
22. hxg6 hxg6 23. Rxg6+ Kf8 24. Rh6 Qxf6 25. Rxf6 Kg7 26. Rf3 Bg4 27. Rg3 f5 28.
Qxf5 {Black resigns} 1-0

[Event "Team 45 45 League T41"]
[Site "Internet Chess Club"]
[Date "2009.05.29"]
[Round "5"]
[White "Razorbackchess"]
[Black "Timotheous"]
[Result "1-0"]
[WhiteElo "1756"]
[BlackElo "1619"]
[Opening "Benkö gambit half accepted"]
[ECO "A57"]
[Time "19:11:35"]
[TimeControl "2700+45"]

1. d4 Nf6 2. c4 c5 3. d5 b5 4. cxb5 a6 5. e3 g6 6. Nc3 d6 7. e4 Bg7 8. f3 O-O 9.
Bc4 axb5 10. Bxb5 Ba6 11. Bxa6 Rxa6 12. Nge2 Nbd7 13. O-O Qb6 14. Kh1 Rfa8 15.
f4 c4 16. h3 Nc5 17. Be3 Nfd7 18. Rb1 e5 19. b4 cxb3 20. Rxb3 Qd8 21. Rb5 Ra3
22. f5 Nxe4 23. Nxe4 Rxe3 24. Nxd6 Nf6 25. Nc4 Re4 26. Nb6 Rb8 27. Qc2 Rxb6 28.
Rxb6 Qxb6 29. fxg6 hxg6 30. Rxf6 Rxe2 31. Qc8+ Kh7 32. Rxb6 {Black resigns} 1-0

[Event "Team 45 45 League T41"]
[Site "Internet Chess Club"]
[Date "2009.05.30"]
[Round "5"]
[White "kingphisch"]
[Black "OGO"]
[Result "1-0"]
[WhiteElo "1637"]
[BlackElo "1607"]
[Opening "Scotch gambit: Benima defense"]
[ECO "C44"]
[Time "15:00:19"]
[TimeControl "2700+45"]

1. e4 e5 2. Nf3 Nc6 3. d4 exd4 4. Bc4 Be7 5. c3 d6 6. cxd4 Nf6 7. Nc3 O-O 8. O-O
Bg4 9. Be3 a6 10. Be2 Rc8 11. Rc1 Na7 12. d5 b6 13. Bxa6 Rb8 14. Be2 c6 15. dxc6
Nxc6 16. Nd4 Bxe2 17. Qxe2 Nxd4 18. Bxd4 Re8 19. Rfe1 Qd7 20. Bxf6 Bxf6 21. Nd5
Qd8 22. Nb4 Qd7 23. Nd5 Qd8 24. Qb5 Rc8 25. Rxc8 Qxc8 26. Qxb6 Re7 {Black
resigns} 1-0

[Event "Team 45 45 League T41"]
[Site "Internet Chess Club"]
[Date "2009.06.02"]
[Round "5"]
[White "Skyler"]
[Black "twintower"]
[Result "0-1"]
[WhiteElo "1451"]
[BlackElo "1477"]
[Opening "Queen's pawn: London system"]
[ECO "A45"]
[Time "20:32:50"]
[TimeControl "2700+45"]

1. d4 Nf6 2. Bf4 g6 3. e3 Bg7 4. Nf3 O-O 5. Bd3 c5 6. c3 d6 7. Nbd2 Bd7 8. O-O
Nc6 9. h3 a5 10. Qb3 Qc7 11. dxc5 a4 12. Qa3 Ne8 13. cxd6 exd6 14. Nc4 Be5 15.
Ncxe5 dxe5 16. Bh2 f6 17. Bc4+ Kg7 18. Bb5 Nd6 19. Rfd1 Nxb5 20. Qc5 Ra5 21. Rd2
Nbd4 22. Qc4 Be6 23. Qd3 Nxf3+ 24. gxf3 Rd8 25. Qe2 Rxd2 26. Qxd2 Rd5 27. Qe2
Bxh3 28. Qc2 b5 29. c4 Rc5 30. b3 Qa5 31. Qe2 axb3 32. cxb5 Rc2 33. Qd1 Qxb5 34.
axb3 Qe2 35. Qxe2 Rxe2 36. Rb1 Nb4 37. Rc1 Rc2 38. Rd1 Rb2 39. Rd7+ Kh6 40. Bg3
Bxd7 41. Kh2 Rxb3 42. Kg1 Rb2 43. Kh2 Nd3 44. Kg1 Rb1+ 45. Kh2 Bc6 46. f4 Rh1#
{White checkmated} 0-1

[Event "Team 45 45 League T41"]
[Site "Internet Chess Club"]
[Date "2009.06.01"]
[Round "5"]
[White "medsurg"]
[Black "AtomicDog"]
[Result "1-0"]
[WhiteElo "1425"]
[BlackElo "1321"]
[Opening "QGD: 4.Nf3"]
[ECO "D37"]
[Time "20:03:28"]
[TimeControl "2700+45"]

1. Nf3 Nf6 2. d4 d5 3. c4 e6 4. Nc3 b6 5. e3 Bb7 6. Ne5 Be7 7. Be2 O-O 8. O-O
Nbd7 9. f4 Nxe5 10. dxe5 Ne4 11. Nxe4 dxe4 12. Qc2 Rc8 13. Rd1 Qe8 14. Bg4 f5
15. exf6 Rxf6 16. Bd2 Rd8 17. Be1 Bc5 18. Bf2 Rd3 19. Rxd3 exd3 20. Qxd3 Qc6 21.
Bf3 Qxf3 22. gxf3 Bxf3 23. Qd8+ Bf8 24. Qxc7 Rg6+ 25. Bg3 h5 26. Kf2 Be4 27. Qe5
Bc6 28. Qxh5 Rf6 29. Rd1 Rf7 30. Rd8 Rf5 31. Qg6 Rf6 32. Qd3 e5 33. Bh4 Rf7 34.
Bg5 e4 35. Qd6 Ba4 36. b3 {Black resigns} 1-0

[Event "Team 45 45 League T41"]
[Site "Internet Chess Club"]
[Date "2009.05.31"]
[Round "5"]
[White "Conjurer"]
[Black "Traho"]
[Result "1-0"]
[WhiteElo "1350"]
[BlackElo "1184"]
[Opening "Nimzo-Indian: Leningrad variation"]
[ECO "E30"]
[Time "15:05:24"]
[TimeControl "2700+45"]

1. d4 Nf6 2. c4 e6 3. Nc3 Bb4 4. Bg5 a6 5. Nf3 h6 6. Bh4 d6 7. Qc2 Bd7 8. e4 c5
9. d5 e5 10. Be2 g5 11. Bg3 Nh5 12. O-O f6 13. Nxe5 Nxg3 14. fxg3 fxe5 15. Bh5+
Ke7 16. Rf7+ Ke8 17. Rh7+ {Black resigns} 1-0

[Event "Team 45 45 League T41"]
[Site "Internet Chess Club"]
[Date "2009.05.30"]
[Round "5"]
[White "scottrugby"]
[Black "GadsHill"]
[Result "0-1"]
[WhiteElo "1514"]
[BlackElo "1547"]
[Opening "Philidor: Improved Hanham variation"]
[ECO "B07"]
[Time "15:01:42"]
[TimeControl "2700+45"]

1. e4 d6 2. d4 Nf6 3. Nc3 Nbd7 4. Nf3 e5 5. d5 c6 6. Bg5 Be7 7. Bc4 h6 8. Bh4
O-O 9. O-O Nc5 10. Re1 Nh5 11. Bxe7 Qxe7 12. b4 Nd7 13. Nd2 Nf4 14. Nf3 Nf6 15.
g3 Nh3+ 16. Kh1 Nxf2+ {White resigns} 0-1

[Event "Team 45 45 League T41"]
[Site "Internet Chess Club"]
[Date "2009.05.31"]
[Round "5"]
[White "carambola"]
[Black "hcarstens"]
[Result "0-1"]
[WhiteElo "1186"]
[BlackElo "1388"]
[Opening "Queen's pawn: Chigorin variation"]
[ECO "D00"]
[Time "09:00:29"]
[TimeControl "2700+45"]

1. d4 d5 2. Nc3 e6 3. a3 c5 4. e3 Nc6 5. Nf3 a6 6. Bd3 Nf6 7. Bd2 Qb6 8. b3 Be7
9. Na4 Qc7 10. Nxc5 Bxc5 11. dxc5 O-O 12. b4 e5 13. Be2 a5 14. b5 Ne7 15. a4 e4
16. Nd4 Qxc5 17. Nb3 Qd6 18. Bc3 b6 19. Bb2 Be6 20. Nd4 Qb4+ 21. c3 Qxb2 22. Kf1
Qxc3 23. Rc1 Qb4 24. h3 Qd6 25. Qb3 Rac8 26. Rd1 Nf5 27. Nc6 Ne7 28. Nd4 Rc5 29.
Qb2 Rfc8 30. h4 Qc7 31. g3 Bg4 32. Kg2 Bxe2 33. Nxe2 Ng4 34. Nf4 Rc2 35. Qd4
Nxf2 36. Nh5 Nxh1+ 37. Kxh1 f6 38. Nf4 Qc5 39. Qxc5 R8xc5 40. Ne6 R5c3 41. Nd4
Ra2 42. Ne6 Rxe3 43. Rc1 Rxg3 44. Rc8+ Nxc8 45. Nd4 Re3 46. Nf5 Re1# {White
checkmated} 0-1

[Event "Team 45 45 League T41"]
[Site "Internet Chess Club"]
[Date "2009.05.30"]
[Round "5"]
[White "Just-Jim"]
[Black "UriahHeep"]
[Result "1/2-1/2"]
[WhiteElo "1472"]
[BlackElo "1405"]
[Opening "Petrov: Italian variation"]
[ECO "C42"]
[Time "11:00:19"]
[TimeControl "2700+45"]

1. e4 e5 2. Nf3 Nf6 3. Bc4 Nxe4 4. Qe2 Nd6 5. Nxe5 Qe7 6. d3 Nxc4 7. dxc4 Nc6 8.
Bf4 Nxe5 9. Bxe5 d6 10. Bc3 Qxe2+ 11. Kxe2 Be6 12. b3 O-O-O 13. Re1 Re8 14. Kf1
Bd7 15. Rxe8+ Bxe8 16. Nd2 Bc6 17. b4 Bd7 18. a4 f6 19. g3 Be7 20. b5 Bd8 21.
Kg2 Re8 22. Bd4 Kb8 23. Nb3 Re2 24. c3 Rb2 25. Na5 b6 26. Nc6+ Bxc6+ 27. bxc6
Re2 28. a5 h5 29. Kf3 Re7 30. h4 Rf7 31. Kf4 g5+ 32. hxg5 fxg5+ 33. Ke3 g4 34.
Kd3 Bf6 35. Re1 Re7 36. Rxe7 Bxe7 37. a6 h4 38. gxh4 Bxh4 39. Ke4 g3 40. fxg3
Bxg3 41. Kf5 Bh4 42. Ke6 Bd8 43. Kd7 Bh4 {Game drawn by mutual agreement}
1/2-1/2

[Event "Team 45 45 League T41"]
[Site "Internet Chess Club"]
[Date "2009.06.02"]
[Round "5"]
[White "Danny-ONeil"]
[Black "thefranman"]
[Result "1-0"]
[WhiteElo "1282"]
[BlackElo "1480"]
[Opening "King's Indian: Petrosian system, Stein variation"]
[ECO "E92"]
[Time "12:00:25"]
[TimeControl "2700+45"]

1. d4 Nf6 2. c4 g6 3. Nc3 Bg7 4. Nf3 O-O 5. e4 d6 6. Be2 e5 7. d5 a5 8. O-O Na6
9. Be3 h6 10. Qd2 Kh7 11. h3 Nd7 12. a3 Nac5 13. Rab1 Nb3 14. Qc2 Ndc5 15. Bxc5
Nxc5 16. b4 axb4 17. axb4 Nd7 18. Ra1 Rxa1 19. Rxa1 Nf6 20. c5 Ne8 21. Ra8 Qd7
22. Bb5 c6 23. Ba4 Nc7 24. Ra7 f5 25. dxc6 bxc6 26. b5 fxe4 27. Nxe4 cxb5 28.
Bb3 Qc6 29. cxd6 Qxc2 30. Bxc2 Nd5 31. d7 Nb4 32. Nf6+ Kh8 33. Nxe5 Bxf6 34.
Nxg6+ Kg8 35. Nxf8 Bxd7 36. Nxd7 Nxc2 37. Nxf6+ Kf8 38. Nd7+ Ke7 39. Rb7 b4 40.
Nc5+ Kd6 41. Nd3 Kc6 42. Nxb4+ Kxb7 43. Nxc2 Kc7 44. Ne3 Kd6 45. Nf5+ {Black
resigns} 1-0

[Event "Team 45 45 League T41"]
[Site "Internet Chess Club"]
[Date "2009.06.02"]
[Round "5"]
[White "AntonioMendonca"]
[Black "dinkola"]
[Result "1-0"]
[WhiteElo "1716"]
[BlackElo "1586"]
[Opening "Alekhine's defense: modern variation"]
[ECO "B04"]
[Time "16:57:31"]
[TimeControl "2700+45"]

1. e4 Nf6 2. e5 Nd5 3. d4 d6 4. Nf3 Bf5 5. c4 Nb6 6. Nc3 e6 7. Be3 Nc6 8. exd6
cxd6 9. d5 Nb4 10. Nd4 Be7 11. a3 Na6 12. Nxf5 exf5 13. Bd3 Bf6 14. Rb1 O-O 15.
Bxf5 Nxc4 16. Bxh7+ Kxh7 17. Qd3+ Kg8 18. Qxc4 Rc8 19. Qd3 Nc5 20. Bxc5 Rxc5 21.
O-O Bxc3 22. bxc3 Qa5 23. c4 Qc7 24. Rb3 Rc8 25. Qb1 b6 26. Rh3 f6 27. Qh7+ Kf7
28. Re1 Rxc4 29. Rg3 Rg8 30. Qg6+ {Black resigns} 1-0

[Event "Team 45 45 League T41"]
[Site "Internet Chess Club"]
[Date "2009.05.31"]
[Round "5"]
[White "Rlopez"]
[Black "Victorianum"]
[Result "0-1"]
[WhiteElo "1652"]
[BlackElo "1776"]
[Opening "Queen's pawn game"]
[ECO "A61"]
[Time "13:17:55"]
[TimeControl "2700+45"]

1. d4 Nf6 2. c4 e6 3. Nc3 c5 4. d5 exd5 5. cxd5 Bd6 6. e4 O-O 7. Nf3 Re8 8. Bd3
Bc7 9. O-O d6 10. h3 a6 11. Bg5 h6 12. Bd2 Nbd7 13. Re1 b5 14. a3 Ne5 15. Nxe5
dxe5 16. Qe2 Bd6 17. Rf1 c4 18. Bc2 Bd7 19. Be3 Qc7 20. Rac1 b4 21. axb4 Bxb4
22. Qf3 Qd6 23. Ne2 a5 24. Ng3 a4 25. Nf5 Bxf5 26. Qxf5 a3 27. bxa3 Rxa3 28. Ra1
Rea8 29. Rxa3 Rxa3 30. Qc8+ Kh7 31. Bc1 Rc3 32. Bb1 Bc5 33. Bb2 Rb3 34. Qf5+ g6
35. Qxe5 Qxe5 36. Bxe5 Nd7 37. Bg3 Rxg3 38. Rc1 Rb3 39. Ba2 Rb2 40. Bxc4 Rxf2
41. Kh1 Bd6 42. Bb5 Ne5 43. Kg1 Rb2 44. Bc6 Kg7 45. Ba4 Rb4 46. Bd1 Rxe4 {White
resigns} 0-1